Map: Ice and Chrome LE

Players

Nina

  • Race: Protoss Protoss
  • League: Grandmaster
  • Spawn Location: 7:00

Robbie (Rob) - Winner!

  • Race: Protoss Protoss
  • League: Grandmaster
  • Spawn Location: 1:00

Event: The Miserable Cup

VOD

Have the link to the VOD?

Description

Time

  • Played on: June 21, 2020, 3:49 p.m.
  • Length: 7:53

All games in this series

Show
View Real Time Build Order
Export as new Build Order

Nina Protoss 

Build Orders:  

Get SALT Encoding   

  12  0:00  Probe  
  13  0:12  Probe  
  14  0:20  Pylon  
  14  0:24  Probe  
  15  0:36  Probe  
  15  0:38  Gateway  
  16  0:44  Probe  
  16  0:45  Assimilator  
  17  0:54  Probe  
  17  0:56  Assimilator  
  18  1:05  Probe  
  19  1:11  Gateway  
  19  1:13  Probe  
  20  1:22  Probe  
  20  1:28  Cybernetics Core  
  21  1:34  Probe  
  22  1:40  Pylon  
  22  1:46  Probe  
  23  1:58  Probe  
  24  2:04  Stalker x2  
  24  2:07  Warp Gate  
  28  2:11  Probe  
  29  2:18  Pylon  
  29  2:23  Probe  
  30  2:36  Stalker x2  
  34  2:40  Probe  
  35  2:58  Nexus  
  35  2:59  Probe  
  36  3:11  Probe  
  37  3:14  Robotics Facility  
  37  3:20  Pylon  
  37  3:23  Probe  
  38  3:27  Pylon  
  38  3:36  Probe, Shield Battery  
  39  3:48  Probe  
  40  3:56  Adept x2  
  40  3:57  Observer  
  40  4:00  Probe  
  44  4:07  Probe  
  44  4:08  Probe  
  45  4:15  Probe  
  45  4:17  Sentry x2  
  49  4:21  Probe, Immortal  
  56  4:27  Phoenix  
  56  4:31  Probe  
  58  4:36  Probe  
  59  4:43  Probe  
  59  4:44  Forge, Twilight Council  
  60  4:47  Stalker  
  60  4:48  Probe  
  60  4:51  Pylon  
  63  4:55  Immortal  
  63  4:56  Stalker  
  63  4:59  Assimilator, Probe  
  66  5:10  Probe  
  66  5:13  Protoss Ground Weapons Level 1  
  71  5:14  Observer  
  71  5:18  Assimilator, Probe  
  72  5:29  Probe  
  72  5:33  Gateway  
  73  5:41  Gateway  
  73  5:42  Blink, Gateway  
  73  5:43  Gateway  
  73  5:52  Pylon  
  73  5:55  Gateway  
  73  5:57  Stalker  
  73  6:01  Sentry  
  77  6:10  Pylon  
  77  6:11  Pylon  
  77  6:12  Probe  
  78  6:25  Stalker x2  
  78  6:26  Probe  
  83  6:35  Stalker  
  83  6:39  Dark Shrine, Stalker x2  
  89  6:41  Stalker, Warp Prism  
  89  6:42  Photon Cannon  
  89  6:45  Pylon  
  93  6:57  Stalker  
  93  6:58  Sentry  
  97  7:07  Stalker  
  97  7:08  Stalker  
  94  7:17  Stalker  
  83  7:27  Stalker x3  
  72  7:38  Stalker x2  
Show
View Real Time Build Order
Export as new Build Order

Robbie Protoss - Winner!

Build Orders: 1 Gate Expand 

Get SALT Encoding   

  12  0:00  Probe  
  13  0:12  Probe  
  14  0:21  Pylon  
  14  0:24  Probe  
  15  0:35  Probe  
  15  0:40  Gateway  
  16  0:43  Probe  
  16  0:44  Assimilator  
  17  0:53  Probe  
  18  1:05  Probe  
  19  1:17  Probe  
  20  1:24  Nexus  
  20  1:30  Probe  
  20  1:31  Cybernetics Core  
  20  1:38  Probe  
  20  1:39  Assimilator  
  22  1:48  Pylon  
  22  1:50  Probe  
  23  1:57  Stalker  
  23  2:06  Probe  
  23  2:07  Warp Gate  
  26  2:16  Gateway  
  26  2:19  Probe  
  27  2:27  Stalker  
  29  2:31  Probe  
  30  2:38  Shield Battery  
  30  2:39  Probe  
  30  2:43  Probe  
  32  2:53  Probe  
  32  2:55  Probe  
  32  2:57  Sentry  
  36  2:59  Robotics Facility  
  36  3:04  Probe, Sentry  
  39  3:06  Probe  
  39  3:11  Pylon  
  39  3:12  Probe  
  40  3:14  Probe  
  42  3:20  Probe  
  42  3:23  Probe  
  44  3:32  Probe  
  44  3:33  Forge, Sentry  
  47  3:35  Probe  
  47  3:37  Stalker  
  47  3:40  Observer  
  50  3:43  Pylon  
  50  3:44  Probe  
  50  3:47  Probe  
  53  3:56  Probe  
  53  4:01  Probe  
  53  4:02  Protoss Ground Weapons Level 1, Immortal  
  55  4:04  Assimilator  
  55  4:06  Assimilator  
  55  4:08  Probe  
  60  4:10  Pylon  
  60  4:13  Probe  
  61  4:28  Probe x2  
  63  4:31  Pylon  
  63  4:42  Twilight Council  
  63  4:43  Gateway x2  
  63  4:46  Gateway  
  63  4:53  Gateway x2  
  63  4:59  Blink, Gateway  
  63  5:02  Pylon  
  63  5:08  Immortal  
  63  5:13  Pylon  
  67  5:21  Stalker  
  69  5:24  Stalker  
  69  5:26  Pylon  
  71  5:34  Pylon  
  71  5:37  Stalker  
  71  5:41  Stalker x2  
  77  5:51  Warp Prism  
  77  5:53  Stalker  
  81  5:57  Stalker  
  81  6:01  Stalker  
  85  6:05  Stalker  
  87  6:13  Stalker x2  
  91  6:32  Stalker x4  
  97  6:38  Stalker  
  101  6:40  Stalker  
  101  6:45  Pylon  
  103  6:52  Pylon  
  103  7:04  Stalker x4  
  107  7:21  Stalker x4  
  101  7:33  Stalker x3  
  97  7:46  Stalker x2  
Tags
 
Add a new tag
Caveats
  • Supply blocks, unpowered buildings, or Contaminate may cause inaccurate times.
  • Supply counts are checked every 10 seconds.